 Dungeon Crawl Stone Soup version 0.29.0-4-gdea44cf6ec (webtiles) character file.

Game seed: 6166077855230347367

30 qw the Chopper (level 3, -2/21 HPs)
             Began as a Tengu Warper on Aug 28, 2022.
             Slain by a gnoll
             ... wielding a +0 flail
              (8 damage)
             ... on level 1 of the Dungeon.
             The game lasted 00:00:06 (1005 turns).

qw the Chopper (Tengu Warper)                       Turns: 1005, Time: 00:00:07

Health: -2/21      AC:  3    Str: 13    XL:     3   Next: 18%
Magic:  7/7        EV: 12    Int: 13    God:
Gold:   25         SH:  0    Dex: 13    Spells: 6/6 levels left

rFire   . . .      SeeInvis .   a - +0 hand axe
rCold   . . .      Faith    .   (no shield)
rNeg    . . .      Spirit   .   b - +0 leather armour
rPois   .          Reflect  .   (helmet restricted)
rElec   .          Harm     .   (no cloak)
rCorr   .          Rampage  .   (no gloves)
Will    .....                   (boots unavailable)
Stlth   +.........              (no amulet)
HPRegen 0.07/turn               (no ring)
MPRegen 0.10/turn               (no ring)

@: no status effects
A: beak, talons 3
a: no special abilities


You were on level 1 of the Dungeon.
You visited 1 branch of the dungeon, and saw 1 of its levels.

You collected 25 gold pieces.


Innate Abilities, Weirdness & Mutations

You have a beak for a mouth.
You have claws for feet.


   Skills:
 - Level 2.0 Fighting
 + Level 3.9 Axes
 - Level 1.0 Throwing
 - Level 1.1 Armour
 - Level 2.1 Dodging
 - Level 2.0 Spellcasting
 - Level 2.4 Translocations


You had 6 spell levels left.
You didn't know any spells.
Your spell library contained the following spells:

 Spells                   Type           Power      Damage    Failure   Level
 Blink                    Tloc           14%        N/A       19%         2
 Gell's Gravitas          Tloc           7%         N/A       36%         3
 Lesser Beckoning         Tloc           7%         N/A       36%         3
 Teleport Other           Tloc           7%         N/A       36%         3
 Manifold Assault         Tloc           7%         N/A       98%         5

Inventory:

Hand Weapons
 a - a +0 hand axe (weapon)
 l - a +0 mace
Armour
 b - a +0 leather armour (worn)
 e - a +1 hat
 m - a +0 scale mail
Scrolls
 c - a scroll of blinking
 h - a scroll of vulnerability {unknown}
 i - a scroll of silence {unknown}
 j - a scroll of identify {unknown}
 k - a scroll of teleportation {unknown}
Potions
 d - 2 potions of berserk rage {unknown}
 f - a potion of heal wounds {unknown}
 g - a potion of haste {unknown}

Dungeon Overview and Level Annotations

Branches:
Dungeon (1/15)

Altars:

Shops:
D:1 (


Message History

You start resting.
A frilled lizard is nearby!
969 ||| Stepping ~*~*~tactically~*~*~ (stealth).
You start resting.
HP restored.
Found a ring mail.
977 ||| Stepping ~*~*~tactically~*~*~ (stealth).
A frilled lizard is nearby!
980 ||| Stepping ~*~*~tactically~*~*~ (stealth).
The frilled lizard hisses angrily.
You closely miss the frilled lizard. The frilled lizard bites you.
You barely miss the frilled lizard. You claw the frilled lizard.
You kill the frilled lizard!
You start resting.
HP restored.
A gnoll comes into view. It is wielding a +0 flail.
The gnoll shouts!
A rat comes into view.
996 ||| Stepping ~*~*~tactically~*~*~ (stealth).
Found 4 poisoned darts.
You see here a staff of poison.
You barely miss the gnoll. Your kick misses the gnoll.
The gnoll hits you with a +0 flail.
You barely miss the gnoll. The gnoll hits you with a +0 flail.
You hit the gnoll.
The gnoll is moderately wounded.
You hit the rat. The rat misses you. The gnoll barely misses you.
The rat bites you but does no damage. The gnoll hits you with a +0 flail.
You hit the gnoll. You claw the gnoll.
The gnoll is heavily wounded.
You hit the rat.
You kill the rat!
The gnoll hits you with a +0 flail.
You hit the gnoll. Your kick misses the gnoll. You peck the gnoll.
The gnoll is severely wounded.
The gnoll hits you with a +0 flail!
You die...

#... #. #...
###.######## #....
#....... l.# #....
#.#..#.# #.#
###...##.#..#[###.#
(........#.....##.#
.......g.##.#%.##.#
.......@.......##.#
###..$##.##.......###
#.. #.#####......# ##
#. ... #.####.# .# #
..... ...####.### .#
...##.##.##.##.....#
.######
#.....##.##.##.#)#.##
......# #..####
##.##.#>#... ..###.#
##..### #... ..####


You could see a gnoll.

Vanquished Creatures
  3 ball pythons (D:1)
  An endoplasm (D:1)
  6 goblins (D:1)
  3 hobgoblins (D:1)
  A kobold (D:1)
  4 quokkas (D:1)
  2 bats (D:1)
  3 frilled lizards (D:1)
  2 rats (D:1)
25 creatures vanquished.

Notes
Turn   | Place    | Note
-------+----------+-------------------------------------------
     0 | D:1      | qw the Tengu Warper began the quest for the Orb.
     0 | D:1      | Reached XP level 1. HP: 12/12 MP: 4/4
     0 | D:1      | 0 ||| qw: Version: 0.1-a-89-g26bdef1
     0 | D:1      | 0 ||| qw: Game counter: 570
     0 | D:1      | 0 ||| qw: Always use a shield: true
     0 | D:1      | 0 ||| qw: God list: Okawaru
     0 | D:1      | 0 ||| qw: Allow faded altars: false
     0 | D:1      | 0 ||| qw: Do Orc after D:15 true
     0 | D:1      | 0 ||| qw: Do second Lair branch before Depths: true
     0 | D:1      | 0 ||| qw: Lair rune preference: random
     0 | D:1      | 0 ||| qw: Plans: Normal
     0 | D:1      | 0 ||| PLANNING D:1-11
    21 | D:1      | 21 ||| Stepping ~*~*~tactically~*~*~ (stealth).
    62 | D:1      | 62 ||| Stepping ~*~*~tactically~*~*~ (stealth).
    67 | D:1      | 67 ||| Stepping ~*~*~tactically~*~*~ (stealth).
   158 | D:1      | Reached skill level 3 in Axes
   158 | D:1      | Reached XP level 2. HP: 17/17 MP: 6/6
   165 | D:1      | 165 ||| Stepping ~*~*~tactically~*~*~ (stealth).
   170 | D:1      | 170 ||| Stepping ~*~*~tactically~*~*~ (stealth).
   520 | D:1      | 520 ||| DROPPING +0 club.
   521 | D:1      | Found Caxzerr's Weapon Shop.
   655 | D:1      | Reached XP level 3. HP: 19/21 MP: 7/7
   886 | D:1      | 886 ||| Stepping ~*~*~tactically~*~*~ (stealth).
   887 | D:1      | 887 ||| Stepping ~*~*~tactically~*~*~ (stealth).
   969 | D:1      | 969 ||| Stepping ~*~*~tactically~*~*~ (stealth).
   977 | D:1      | 977 ||| Stepping ~*~*~tactically~*~*~ (stealth).
   980 | D:1      | 980 ||| Stepping ~*~*~tactically~*~*~ (stealth).
   996 | D:1      | 996 ||| Stepping ~*~*~tactically~*~*~ (stealth).
  1005 | D:1      | Slain by a gnoll

Levels and vault maps discovered:
D:1:      minmay_arrival_four_houses, layout_loops_cross, serial_shops,
          nicolae_shop_bloodbath_and_beyond

Skill      XL: |  1 |
---------------+----+-----
Axes           | 3 |  3.9
Fighting       | |  2.0
Throwing       | |  1.0
Armour         | |  1.1
Dodging        | |  2.1
Spellcasting   | |  2.0
Translocations | |  2.4

Action                   || total
-------------------------++-------
Melee: Hand axe          ||    68
       Kick              ||    15
       Peck              ||     6
Throw: Boomerang         ||     7
Armor: Leather armour    ||    23
Dodge: Dodged            ||    34

Table legend:
 A = Non-vault XP
 B = Vault XP
 C = Vault XP percentage of total XP
 D = Non-vault monster count
 E = Vault monster count
 F = Vault count percentage of total count
                 A         B        C        D         E       F
            +---------+---------+-------+---------+---------+-------
      Total |      43 |       0 |   0.0 |      25 |       0 |   0.0
            +---------+---------+-------+---------+---------+-------
        D:1 |      43 |       0 |   0.0 |      25 |       0 |   0.0
            +---------+---------+-------+---------+---------+-------
